 Dungeon Crawl Stone Soup version 0.30-b1-2-g02819fbbbe (webtiles) character file.

Game seed: 362441668843020340

543 Chingon the Cleaver (level 7, -1/57 HPs)
             Began as a Minotaur Fighter on May 21, 2023.
             Slain by a centaur (3 damage)
             ... on level 4 of the Dungeon.
             The game lasted 00:03:10 (2960 turns).

Chingon the Cleaver (Minotaur Fighter)              Turns: 2960, Time: 00:03:10

Health: -1/57      AC:  2    Str: 22    XL:     7   Next: 6%
Magic:  6/6        EV:  8    Int:  5    God:
Gold:   151        SH:  4    Dex: 10    Spells: 6/6 levels left

rFire   . . .        t - +4 hand axe
rCold   . . .        c - +0 buckler
rNeg    . . .        e - +0 chain mail
rPois   +            (helmet restricted)
rElec   .            r - +0 cloak {rPois}
rCorr   .            k - +0 pair of gloves
SInv    +            f - +2 pair of boots
Will    +....        (no amulet) Stlth
                     l - ring of willpower
HPRegen 0.29/turn    i - ring of see invisible
MPRegen 0.10/turn

%: no passive effects
@: corroded
A: horns 2, retaliatory headbutt
a: no special abilities


You were on level 4 of the Dungeon.
You visited 1 branch of the dungeon, and saw 4 of its levels.

You collected 151 gold pieces.

Inventory:

Hand Weapons
 a - a +0 war axe
 t - a +4 hand axe (weapon)
Armour
 c - a +0 buckler (worn)
 e - a +0 chain mail (worn)
 f - a +2 pair of boots (worn)
 k - a +0 pair of gloves (worn)
 r - a +0 cloak of poison resistance (worn)
Jewellery
 i - a ring of see invisible (right hand)
 l - a ring of willpower (left hand)
Scrolls
 h - a scroll of identify {unknown}
 j - a scroll of fear {unknown}
 m - a scroll of teleportation {unknown}
Potions
 b - a potion of degeneration {unknown}
 d - 2 potions of might
 g - 2 potions of lignification {unknown}
 n - a potion of ambrosia {unknown}
 o - 3 potions of attraction {unknown}
 p - a potion of heal wounds {unknown}
 q - a potion of invisibility {unknown}
 s - a potion of berserk rage {unknown}


   Skills:
 - Level 3.6 Fighting
 + Level 9.3 Axes
 - Level 3.6 Armour
 - Level 3.6 Shields


You had 6 spell levels left.
You didn't know any spells.
Your spell library contained the following spells:

 Spells                   Type           Power      Damage    Failure   Level
 Sting                    Tmut/Pois      0%         1d3       99%         1
 Poisonous Vapours        Pois/Air       0%         N/A       99%         2
 Olgreb's Toxic Radiance  Pois           0%         N/A       100%        4


Dungeon Overview and Level Annotations

Branches:
Dungeon (4/15)
 Temple: D:4-7

Altars:
Wu Jian
Zin

Annotations:
D:3 dig


Innate Abilities, Weirdness & Mutations

You have a pair of horns on your head.
You reflexively headbutt those who attack you in melee.


Message History

You are too injured to fight recklessly!
Unknown command.
You are too injured to fight recklessly!
You are too injured to fight recklessly!
You hit the centaur.
The centaur is heavily wounded.
You hit the jelly but do no damage.
Your hands burn!
The jelly hits you but does no damage. The centaur hits you.
The centaur kicks you.
Unknown command.
You hit the centaur but do no damage.
The centaur is heavily wounded.
You hit the jelly but do no damage. The acid corrodes you!
Your hands burn!
The centaur hits you but does no damage.
The centaur kicks you.
* * * LOW HITPOINT WARNING * * *
The jelly hits you but does no damage.
You slash the jelly! The acid corrodes you!
Your hands burn!
* * * LOW HITPOINT WARNING * * *
The jelly is almost dead.
You hit the centaur but do no damage. The centaur barely misses you.
You furiously retaliate!
You headbutt the centaur. The centaur kicks you.
* * * LOW HITPOINT WARNING * * *
The jelly hits you.
* * * LOW HITPOINT WARNING * * *
You are splashed with acid.
* * * LOW HITPOINT WARNING * * *
The centaur closely misses you. The centaur barely misses you.
You hit the jelly.
You kill the jelly!
You hit the centaur. The centaur hits you.
* * * LOW HITPOINT WARNING * * *
The centaur barely misses you.
Unknown command.
You hit the centaur but do no damage.
You headbutt the centaur, but do no damage.
The centaur is severely wounded.
You closely miss the orc. You block the centaur's attack.
The centaur kicks you.
You die...

#......#
#......##
#.......#
##'####.# #.# #
###'####+#
#.........#
#.........#
+.@........
#.oc.......
...........#
.............#
...............#
...............
..........$....
...............


You could see a centaur and an orc.

Vanquished Creatures
  Grinder (D:3)
  A scorpion (D:4)
  A jelly (D:4)
  2 orc priests (D:4)
  Crazy Yiuf (D:3)
  An orc wizard (D:4)
  4 gnolls (D:3)
  3 adders
  A worm (D:2)
  2 dart slugs
  7 orcs
  8 ball pythons
  4 bats
  7 endoplasms
  4 giant cockroaches
  7 goblins
  8 hobgoblins
  4 frilled lizards
  7 kobolds
  6 rats
79 creatures vanquished.

Notes
Turn   | Place    | Note
-------+----------+-------------------------------------------
     0 | D:1      | Chingon the Minotaur Fighter began the quest for the Orb.
     0 | D:1      | Reached XP level 1. HP: 19/19 MP: 0/0
    64 | D:1      | Reached skill level 3 in Axes
   194 | D:1      | Reached XP level 2. HP: 26/26 MP: 1/1
   377 | D:1      | Reached skill level 4 in Axes
   587 | D:1      | Found a faded altar of an unknown god.
   650 | D:2      | Reached XP level 3. HP: 31/31 MP: 2/2
  1076 | D:2      | Reached skill level 5 in Axes
  1574 | D:3      | Reached XP level 4. HP: 34/39 MP: 3/3
  1688 | D:3      | Noticed Grinder
  1694 | D:3      | Killed Grinder
  1695 | D:3      | Reached skill level 7 in Axes
  1695 | D:3      | Reached XP level 5. HP: 37/45 MP: 4/4
  1695 | D:3      | Reached XP level 6. HP: 42/51 MP: 5/5
  1833 | D:3      | Found a runed translucent door.
  1834 | D:3      | Noticed Crazy Yiuf
  1941 | D:3      | Reached skill level 8 in Axes
  2085 | D:3      | Found a glowing silver altar of Zin.
  2225 | D:3      | Killed Crazy Yiuf
  2360 | D:4      | Found an ornate altar of the Wu Jian Council.
  2849 | D:4      | Reached skill level 9 in Axes
  2935 | D:4      | Reached XP level 7. HP: 57/57 MP: 6/6
  2959 | D:4      | HP: 2/57 [centaur (5)]
  2960 | D:4      | Slain by a centaur

Illustrated notes

Levels and vault maps discovered:
D:1:      wander_arrival_lonely_grave, layout_rooms,
          hellmonk_ecumenical_altar_inner_sanctum
D:2:      layout_basic, chequers_decorated_corner, minmay_unequal
D:3:      layout_rooms, zin_scriptorium, uniq_crazy_yiuf_cottage, uniq_grinder
D:4:      layout_basic, nicolae_wu_jian_wuxing_cycle

Skill      XL: |  1  2  3  4  5  6 |
---------------+-------------------+-----
Axes           | 3 4 5 7 9 |  9.3
Fighting       | |  3.6
Armour         | |  3.6
Shields        | |  3.6

Action                     |  1- 3 |  4- 6 |  7- 9 || total
---------------------------+-------+-------+-------++-------
  Melee: War axe           |    86 |    69 |       ||   155
         Headbutt          |     6 |    13 |     1 ||    20
         Hand axe          |       |     4 |     7 ||    11
 Armour: Chain mail        |    46 |    36 |     7 ||    89
         Scale mail        |     1 |       |       ||     1
  Dodge: Dodged            |    33 |    27 |     4 ||    64
  Block: Buckler           |    23 |    12 |     1 ||    36
